 Dungeon Crawl Stone Soup version 0.21-a0-55-gb612c23 (webtiles) character file.

3225 xgamer67 the Severer (level 9, 0/74 HPs)
             Began as a Hill Orc Wanderer on June 14, 2017.
             Was a Follower of Ashenzari.
             Slain by an orc warrior
             ... wielding a +0 short sword
              (13 damage)
             ... on level 11 of the Dungeon.
             The game lasted 00:21:16 (8520 turns).

xgamer67 the Severer (Hill Orc Wanderer)            Turns: 8520, Time: 00:21:17

Health: 0/74       AC: 11    Str: 16    XL:     9   Next: 98%
Magic:  9/9        EV:  9    Int: 11    God:    Ashenzari [*.....]
Gold:   344        SH:  0    Dex: 13    Spells: 8/8 levels left

rFire    . . .     SeeInvis +   a - +2 battleaxe (drain) (curse)
rCold    . . .     Gourm    .   (shield currently unavailable)
rNeg     . . .     Faith    .   n - +3 scale mail (curse)
rPois    .         Spirit   .   (no helmet)
rElec    .         Reflect  .   s - +0 cloak (curse)
rCorr    .         Harm     .   (no gloves)
MR       .....                  (no boots)
Stlth    ..........             (no amulet)
HPRegen  0.22/turn              j - ring of see invisible
MPRegen  0.11/turn              u - ring of wizardry

@: no status effects
A: no striking features
a: Curse Item, Scrying, Renounce Religion


You were on level 11 of the Dungeon.
You worshipped Ashenzari.
Ashenzari was aware of your devotion.
You were hungry.

You visited 1 branch of the dungeon, and saw 12 of its levels.
You also visited: Ossuary.

You collected 344 gold pieces.

Inventory:

Hand Weapons
 a - a cursed +2 battleaxe of draining (weapon)
Missiles
 q - 5 tomahawks (quivered)
 x - a throwing net
 G - 2 javelins
Armour
 n - a cursed +3 scale mail (worn)
 s - a cursed +0 cloak (worn)
 w - a +0 plate armour
 z - a +3 leather armour of poison resistance
Jewellery
 j - a ring of see invisible (left hand)
 o - the amulet of Ludodoec {Harm *Drain MR+}
   (You found it on level 9 of the Dungeon)

   [amulet of harm]

   It increases damage dealt and taken.
   It affects your resistance to hostile enchantments.
   It causes draining when unequipped.
 u - a ring of wizardry (right hand)
Wands
 h - a wand of enslavement (7/24)
 y - a wand of digging (24/24)
 I - a wand of random effects (20/48)
Scrolls
 c - 6 scrolls of teleportation
 d - a scroll of remove curse
 e - 6 scrolls of fog
 p - 3 scrolls of immolation
 r - a scroll of magic mapping
 v - a scroll of amnesia
Potions
 b - 2 potions of lignification
 g - 3 potions of brilliance
 i - 2 potions of might
 k - a potion of haste
 l - a potion of curing
 m - a potion of flight {unknown}
 t - 2 potions of cancellation
 A - 2 potions of heal wounds {unknown}
 C - 2 potions of mutation {unknown}
 E - a potion of resistance {unknown}
Comestibles
 f - 2 bread rations
 D - a royal jelly
 F - 3 meat rations
 H - 3 fruits


   Skills:
 - Level 5.2 Fighting
 + Level 15.7 Axes
   Level 1.1(9.0) Maces & Flails
 - Level 1.0 Throwing
 - Level 3.7 Armour
 - Level 1.0 Stealth
   Level 1.1 Shields
 - Level 1.1 Unarmed Combat


You had 8 spell levels left.
You didn't know any spells.

Dungeon Overview and Level Annotations

Branches:
Dungeon (12/15)            Temple (0/1) D:7            Lair (0/6) D:11
    Orc: D:9-12

Altars:
Ashenzari
Elyvilon
Gozag
Kikubaaqudgha
Xom

Annotations:
D:7 Rationalist's ghost, novice MiFi


Message History

Press: ? - help, v - describe, . - travel, g - get item A potion of brilliance.
The floor.
Found a glowing leatherbound book.
You feel yourself slow down.
You start resting.
You hit the orc warrior but do no damage.
The orc warrior hits you with a short sword.
* * * LOW HITPOINT WARNING * * *
You barely miss the orc warrior. The orc warrior barely misses you.
You slash the orc warrior!
The orc warrior is severely wounded.
You hear a shout!
The orc warrior closely misses you.
An orc comes into view. It is wielding a trident.
You hit the orc warrior.
The orc warrior is severely wounded.
The orc moves out of view.
The orc warrior hits you with a short sword!
You die...

.# .# .# ###.##
#....# ###########
#....# #.........#
#....# #.........#
#@...##
#...!.....#####o:..#
#....(.............#
#.........#####....#
.####.#######
#.........
...........#
#..###.###..
.####.####.##..# #..
. #.####....# ##.
#........# .


You could see an orc warrior.

Vanquished Creatures
  An orc warrior (D:6)
  A steam dragon (D:8)
  Menkaure (D:7)
  Duvessa (D:4)
  2 ice beasts
  A sky beast (D:6)
  A necrophage (D:6)
  4 ogres
  2 elf zombies (Ossuary)
  Blork the orc (D:6)
  Dowan (D:4)
  3 bullfrogs (D:6)
  A scorpion (D:3)
  3 howler monkeys
  8 centaur zombies
  3 human zombies (Ossuary)
  6 hounds
  4 orc priests
  A bullfrog skeleton (D:4)
  2 centaur skeletons (D:4)
  7 orc wizards
  3 worker ants
  3 iguanas
  3 mummies (Ossuary)
  3 gnolls (D:4)
  4 adders
  A river rat (D:4)
  2 shadow imps (D:5)
  2 oozes
  7 worms
  A dart slug (D:1)
  A leopard gecko (D:1)
  25 orcs
  7 bats
  8 giant cockroaches
  10 goblins
  9 hobgoblins
  8 jackals
  3 quokkas
  3 ball pythons
  3 frilled lizards
  A jackal skeleton (D:5)
  9 kobolds
  A quokka skeleton (D:4)
  9 rats
180 creatures vanquished.

Vanquished Creatures (collateral kills)
  An orc priest (D:6)
  An orc wizard (D:6)
  An iguana (D:6)
3 creatures vanquished.

Vanquished Creatures (others)
  An iguana (D:8)
  A hobgoblin (D:1)
  A ball python (D:1)
  A rat (D:1)
4 creatures vanquished.

Grand Total: 187 creatures vanquished

Notes
Turn   | Place    | Note
-------+----------+-------------------------------------------
     0 | D:1      | xgamer67 the Hill Orc Wanderer began the quest for the Orb.
     0 | D:1      | xgamer67 set off with: a +2 scale mail, a potion of lignification, a scroll of teleportation, a +0 club, a bread ration
     0 | D:1      | Reached XP level 1. HP: 18/18 MP: 1/1
   106 | D:1      | Reached XP level 2. HP: 26/26 MP: 2/2
   484 | D:1      | Reached XP level 3. HP: 33/33 MP: 3/3
  1120 | D:2      | Reached skill level 5 in Fighting
  1120 | D:2      | Reached XP level 4. HP: 35/42 MP: 4/4
  2212 | D:3      | Reached skill level 2 in Axes
  2212 | D:3      | Reached XP level 5. HP: 6/48 MP: 5/5
  2527 | D:3      | Reached skill level 3 in Axes
  2635 | D:3      | Reached skill level 4 in Axes
  2642 | D:3      | Reached skill level 5 in Axes
  2642 | D:3      | Reached XP level 6. HP: 41/56 MP: 6/6
  3195 | D:3      | Reached skill level 6 in Axes
  3517 | D:4      | Found a glowing drain.
  3533 | D:4      | Noticed Dowan
  3534 | D:4      | Noticed Duvessa
  3719 | D:4      | Reached skill level 7 in Axes
  3719 | D:4      | Reached XP level 7. HP: 58/61 MP: 7/7
  3942 | D:4      | Reached skill level 8 in Axes
  4647 | D:4      | Reached skill level 9 in Axes
  4666 | D:4      | Killed Duvessa
  4666 | D:4      | Reached XP level 8. HP: 51/68 MP: 8/8
  4683 | D:4      | Killed Dowan
  4683 | D:4      | Reached skill level 10 in Axes
  5094 | D:5      | Entered Level 5 of the Dungeon
  5132 | D:5      | Found a sand-covered staircase.
  5141 | Ossuary  | Entered an ossuary
  5177 | Ossuary  | Reached skill level 11 in Axes
  5485 | Ossuary  | Reached skill level 12 in Axes
  5737 | D:5      | Reached XP level 9. HP: 34/74 MP: 9/9
  5848 | D:5      | Reached skill level 13 in Axes
  6254 | D:5      | Found an ancient bone altar of Kikubaaqudgha.
  6254 | D:5      | Found a shattered altar of Ashenzari.
  6258 | D:5      | Found a white marble altar of Elyvilon.
  6268 | D:5      | Became a worshipper of Ashenzari the Shackled
  6815 | D:6      | Reached skill level 14 in Axes
  7183 | D:6      | Found a shimmering altar of Xom.
  7206 | D:6      | Noticed Blork the orc
  7223 | D:6      | Killed Blork the orc
  7307 | D:6      | Found an opulent altar of Gozag.
  7387 | D:6      | Reached * piety under Ashenzari
  7691 | D:6      | Reached skill level 15 in Axes
  7925 | D:7      | Found a staircase to the Ecumenical Temple.
  7926 | D:7      | Noticed Rationalist's ghost (novice MiFi)
  7966 | D:7      | Noticed Menkaure
  7970 | D:7      | Killed Menkaure
  8063 | D:8      | Identified a scroll of acquirement
  8237 | D:8      | Noticed a two-headed ogre
  8273 | D:9      | Identified the amulet of Ludodoec {Harm *Drain MR+}
  8424 | D:9      | Noticed a two-headed ogre
  8437 | D:10     | Entered Level 10 of the Dungeon
  8437 | D:10     | Noticed a hornet
  8440 | D:10     | Paralysed by a hornet for 2 turns
  8459 | D:11     | Found a staircase to the Lair.
  8468 | D:12     | Noticed a green ugly thing
  8520 | D:11     | Slain by an orc warrior

Vault maps used:
D:1:      dpeg_arrival_subterranean_lakeside_camping, lemuel_old_faithful
D:3:      first_bread
D:4:      portal_sewer_entry_a, uniq_duvessa
D:5:      minitemple, nicolae_ossuary_entry_ruins, minmay_stone_trees_medium,
          grunt_ministairs_3
D:6:      grunt_gozag_statues, old_standard_altar, uniq_blork_the_orc
D:7:      nicolae_tso_swordbearing_angel, minmay_temple_entry_statues_pillars,
          uniq_pikel, uniq_menkaure
D:9:      grunt_dithmenos_shadows, serial_shops, shop, grunt_ogre_cave,
          uniq_erolcha
D:10:     minmay_separated_statues, uniq_harold, uniq_grum
D:11:     minmay_the_grid_octo_triangle, lair_entry_dummy, uniq_sonja,
          uniq_snorg
D:12:     david_orc_5, serial_shops, nicolae_shop_behind_doors, serial_glass,
          glass_columns_b, glass_columns_a
Ossuary:  ossuary_minmay_four_chambers

Skill      XL: |  1  2  3  4  5  6  7  8  9 |
---------------+----------------------------+-----
Fighting       | 3 4 5 |  5.2
Axes           | 2 5 7 9 12 15 | 15.7
Maces & Flails | |  1.1
Throwing       | |  1.0
Armour         | |  3.7
Stealth        | |  1.0
Shields        | |  1.1
Unarmed Combat | |  1.1

Action                   |  1- 3 |  4- 6 |  7- 9 || total
-------------------------+-------+-------+-------++-------
Melee: Club              |    77 |       |       ||    77
       Mace              |    95 |    64 |       ||   159
       War axe           |       |   149 |   428 ||   577
       Punch             |       |     1 |     3 ||     4
       Battleaxe         |       |       |    22 ||    22
Throw: Tomahawk          |       |       |     7 ||     7
Invok: Curse Item        |       |       |     3 ||     3
Evoke: Wand              |       |       |     1 ||     1
  Use: Scroll            |     7 |       |    14 ||    21
       Potion            |       |       |     3 ||     3
 Stab: Distracted        |       |       |     1 ||     1
  Eat: Chunk             |     1 |     9 |    12 ||    22
       Fruit             |       |       |     3 ||     3
Armor: Scale mail        |   111 |   105 |   137 ||   353
Dodge: Dodged            |   115 |   109 |   141 ||   365
